 Dungeon Crawl Stone Soup version 0.31.0-32-g396128a36d (webtiles) character file.

Game seed: 4926326399807825966

37 PriceMaster the Digger (level 3, -2/21 HPs)
             Began as an Octopode Earth Elementalist on Mar 26, 2024.
             Slain by a black bear (5 damage)
             ... on level 3 of the Dungeon.
             The game lasted 00:01:40 (1415 turns).

PriceMaster the Digger (OpEE)                       Turns: 1415, Time: 00:01:41

Health: -2/21      AC:  1    Str:  7    XL:     3   Next: 41%
Magic:  2/6        EV: 13    Int: 19    God:
Gold:   78         SH:  0    Dex: 12    Spells: 2/6 levels left

rFire   + . .        c - +0 short sword
rCold   . . .        b - orb {*Rage}
rNeg    . . .        (helmet restricted)
rPois   .            (no amulet)
rElec   .            f - ring of protection from fire
rCorr   .            (no ring)
SInv    .            (no ring)
Will    .....        (no ring)
Stlth   +++          (no ring)
HPRegen 0.23/turn    (no ring)
MPRegen 0.10/turn    (no ring)
                     (no ring)

%: random rage (20%)
@: no status effects
A: almost no armour, amphibious, 8 rings, camouflage 1, gelatinous body 1,
(nimble swimmer 1), tentacles
a: no special abilities


You were on level 3 of the Dungeon.
You visited 1 branch of the dungeon, and saw 3 of its levels.

You collected 78 gold pieces.

Inventory:

Hand Weapons
 c - a +0 short sword (weapon)
Armour
 b - an orb of wrath (worn)
Jewellery
 f - a ring of protection from fire (left tentacle)
Scrolls
 e - a scroll of silence {unknown}
 g - a scroll of immolation {unknown}
 h - 3 scrolls of identify {unknown}
 i - a scroll of fog {unknown}
 j - a scroll of enchant armour {unknown}
 n - a scroll of teleportation {unknown}
 o - a scroll of noise {unknown}
Potions
 a - a potion of magic
 d - a potion of degeneration {unknown}
 k - a potion of resistance {unknown}
 l - a potion of heal wounds {unknown}
 m - 2 potions of enlightenment {unknown}


   Skills:
 + Level 2.2 Dodging
 + Level 3.4 Stealth
 + Level 2.4 Spellcasting
 + Level 1.0 Conjurations
 + Level 3.6 Earth Magic


You had 2 spell levels left.
You knew the following spells:

 Your Spells              Type           Power      Damage    Failure   Level
a - Sandblast             Erth           32%        2d9       3%          1
b - Stone Arrow           Conj/Erth      22%        3d8       19%         3

Your spell library contained the following spells:

 Spells                   Type           Power      Damage    Failure   Level
 Momentum Strike          Conj/Tloc      8%         3d8       21%         2
 Blink                    Tloc           4%         N/A       24%         2
 Lesser Beckoning         Tloc           4%         N/A       24%         2
 Passwall                 Erth           16%        N/A       11%         3
 Brom's Barrelling Bould  Conj/Erth      11%        2d3       52%         4
 Petrify                  Alch/Erth      9%         N/A       58%         4


Dungeon Overview and Level Annotations

Branches:
Dungeon (3/15)

Altars:

Shops:
D:1 :


Innate Abilities, Weirdness & Mutations

You cannot wear most types of armour.
You are amphibious.
You can wear up to eight rings at the same time.
Your skin changes colour to match your surroundings (Stealth+).
Your rubbery body absorbs attacks. (AC +1, EV +1)
((You are camouflaged when in or above water. (Stealth+)))
You have tentacles for arms and can constrict up to eight enemies at once.


Message History

The blast of sand hits the rat!
You kill the rat!
You can't see any susceptible monsters within range! (Use Z to cast anyway.)
You see here a +0 ring mail.
Done exploring.
Done exploring.
Done exploring.
Done exploring.
No target in view!
There is a stone staircase leading up here.
There is a stone staircase leading down here.
You climb downwards.
There is a stone staircase leading up here.
A black bear comes into view.
Found a stone staircase leading down.
The black bear bites you. The black bear claws you. x2
A black bear is nearby!
A black bear is nearby!
The blast of sand hits the black bear!
The black bear is moderately wounded.
The black bear bites you. The black bear claws you.
* * * LOW HITPOINT WARNING * * *
The black bear claws you but does no damage.
Okay, then.
Casting: Sandblast (safe; 3% risk of failure)
Confirm with . or Enter, or press ? or * to list all spells.
Aiming: Stone Arrow (extremely dangerous; 19% risk of failure)
Press: ? - help, Shift-Dir - straight line, f/p - black bear
Aim: a black bear (moderately wounded, 77% to hit)
Okay, then.
Okay, then.
Casting: Stone Arrow (extremely dangerous; 19% risk of failure)
Confirm with . or Enter, or press ? or * to list all spells.
Aiming: Stone Arrow (extremely dangerous; 19% risk of failure)
Press: ? - help, Shift-Dir - straight line, f/p - black bear
Aim: a black bear (moderately wounded, 77% to hit)
The stone arrow hits the black bear!
The black bear is severely wounded.
The black bear bites you.
You die...

# #. .## ..
#. ###.## ##
#...<###....
#.#.#.....#
#.h@.#####
#.#.## # #.#
#.# #.# #.#
#.# #.#


You could see a black bear.

Vanquished Creatures
  A dart slug (D:1)
  A ribbon worm (D:2)
  An orc (D:2)
  7 ball pythons
  4 bats
  4 endoplasms
  A giant cockroach (D:1)
  4 hobgoblins
  A quokka (D:2)
  2 kobolds (D:1)
  4 rats
30 creatures vanquished.

Notes
Turn   | Place    | Note
-------+----------+-------------------------------------------
     0 | D:1      | PriceMaster the Octopode Earth Elementalist began the quest
                  | for the Orb.
     0 | D:1      | Reached XP level 1. HP: 11/11 MP: 3/3
   103 | D:1      | Reached XP level 2. HP: 17/17 MP: 5/5
   351 | D:1      | Found Poc Nimna's Book Shoppe.
   724 | D:2      | Reached XP level 3. HP: 21/21 MP: 3/6
   862 | D:2      | Learned a level 3 spell: Stone Arrow
  1412 | D:3      | Noticed a black bear
  1415 | D:3      | Slain by a black bear

Illustrated notes

Levels and vault maps discovered:
D:1:      moated_graveyard_arrival, layout_basic, serial_shops,
          nicolae_shop_hallway_plus
D:2:      layout_rooms, interstate_on_off, st_stairs_10, roderic_lattice_a,
          eino_tiny_chamber
D:3:      layout_loops_ring, minmay_ruptured

Skill      XL: |  1 |
---------------+----+-----
Stealth        | 3 |  3.4
Dodging        | |  2.2
Spellcasting   | |  2.4
Conjurations   | |  1.0
Earth Magic    | |  3.6

Action                     || total
---------------------------++-------
  Melee: Short sword       ||    13
         Constrict         ||     4
         Tentacles         ||     1
   Cast: Sandblast         ||    29
         Stone Arrow       ||     1
   Stab: Sleeping          ||     4
 Armour: Skin              ||    16
  Dodge: Dodged            ||     6
